 Dungeon Crawl Stone Soup version 0.32-a0-765-gfba4d74c8c (webtiles) character file.

Game seed: 7356734888791478143

1 GordonOverkill the Sneak (level 1, -1/18 HPs)
             Began as a Demonspawn Delver on Mar 18, 2024.
             Was an Initiate of Trog.
             Slain by a hound (5 damage)
             ... on level 5 of the Dungeon.
             The game lasted 00:01:58 (339 turns).

GordonOverkill the Sneak (Demonspawn Delver)         Turns: 339, Time: 00:01:59

Health: -1/18      AC:  3    Str: 12    XL:     1   Next: 16%
Magic:  1/1        EV: 10    Int: 10    God:    Trog [......]
Gold:   23         SH:  0    Dex: 14    Spells: 0/0 levels left

rFire   . . .        a - +0 hand axe
rCold   . . .        (no shield)
rNeg    . . .        b - +0 leather armour
rPois   .            (no helmet)
rElec   .            (no cloak)
rCorr   .            (no gloves)
SInv    .            (no boots)
Will    .....        (no amulet)
Stlth   ++           (no ring)
HPRegen 0.23/turn    (no ring)
MPRegen 0.07/turn

%: no passive effects
@: no status effects
A: no striking features
a: Renounce Religion


You were on level 5 of the Dungeon.
You worshipped Trog.
Trog was noncommittal.
You visited 2 branches of the dungeon, and saw 3 of its levels.

You collected 23 gold pieces.

Inventory:

Hand Weapons
 a - a +0 hand axe (weapon)
Armour
 b - a +0 leather armour (worn)
Wands
 g - a wand of digging (3)
Scrolls
 c - a scroll of fog


   Skills:
 - Level 3.0 Fighting
 + Level 1.9 Axes
 - Level 1.7 Dodging
 - Level 4.5 Stealth


You couldn't memorise any spells.
You didn't know any spells.
Your spell library was empty.

Dungeon Overview and Level Annotations

Branches:
Dungeon (6/15)             Temple (1/1) D:5

Altars:
Ashenzari
Cheibriados
Fedhas
Hepliaklqana
Qazlal
Trog
Vehumet
Wu Jian
Yredelemnul


Message History

The jackal is moderately wounded.
The jackal bites you but does no damage.
You barely miss the jackal.
The jackal is moderately wounded.
The jackal barely misses you. The jackal bites you.
The jackal barely misses you.
The hound stops to sniff the ground.
The hound attacks as it pursues you! The hound barely misses you.
You see here a jackal corpse.
You aren't carrying any potions.
Unknown command.
As you read the scroll labelled PUPROCUGRO, it crumbles to dust.
It is a scroll of identify.
You don't currently have any unidentified items.
The hound bites you. The hound closely misses you.
The hound attacks as it pursues you! The hound barely misses you.
Okay, then.
The hound stops to sniff the ground.
Okay, then.
Okay, then.
You aren't carrying any potions.
Unknown command.
You barely miss the hound. The hound bites you. x2
* * * LOW HITPOINT WARNING * * *
You hit the hound.
The hound is moderately wounded.
The hound closely misses you. The hound bites you.
* * * LOW HITPOINT WARNING * * *
You hit the hound.
The hound is moderately wounded.
The hound bites you.
* * * LOW HITPOINT WARNING * * *
The hound bites you.
* * * LOW HITPOINT WARNING * * *
You hit the hound.
The hound is heavily wounded.
The hound bites you.
* * * LOW HITPOINT WARNING * * *
The hound bites you.
You die...

,,* *,***#.# *.# #.# ,,* *,* #.#
#.# #.# ,,* #,* #.####*#.#****
#.# ,,* #.* #.##..,...,,,* #.#
,,* #.####.##.#*#.#**,* #.# ,,*
#....$.##.# #.# *,* #.#
,,*******#.#..##.###.###.######.#
,,,,,,,,##.ß.#.............####.#
*,*****,#....h##@###.###.#.####..
*,* *,#ß.>.ß##h#*#.###.#.####.#
*,* *,#...fh.hh##.#.##.#.####.#
*,* ***,##.ß.##.f..###...#.####.#
*,***,....##.######.#.####.####.#
*,**,..##.*#.##..........#.####.#
*,,,,,,*#.,#....####.##..........
*,**,,,*#,,###*** #.*#.##.####..
*,,,,,,,,,,********#.*#.##.###...


You could see a sleepcap, a hound and 2 jackals.

Vanquished Creatures
  A jackal (D:5)
1 creature vanquished.

Notes
Turn   | Place    | Note
-------+----------+-------------------------------------------
     0 | D:5      | GordonOverkill the Demonspawn Delver began the quest for
                  | the Orb.
     0 | D:5      | Reached XP level 1. HP: 18/18 MP: 1/1
    28 | D:6      | Noticed a water moccasin
    94 | D:5      | Noticed a bombardier beetle
   164 | D:6      | Noticed a centaur
   260 | D:5      | Noticed a gnoll bouda
   285 | D:5      | Found a staircase to the Ecumenical Temple.
   292 | Temple   | Entered the Ecumenical Temple
   301 | Temple   | Became a worshipper of Trog the Wrathful
   323 | D:5      | Noticed a hound
   324 | D:5      | Noticed a sleepcap
   339 | D:5      | Slain by a hound

Illustrated notes

Levels and vault maps discovered:
D:5:      layout_loops_ring, mainiacjoe_overflow_alcove_4,
          minmay_temple_entry_statues_pillars
D:6:      kennysheep_big_flooded_room, layout_loops_cross, zin_treasury,
          lemuel_tele_altar, minitemple, nicolae_overflow_hidden_temple,
          hellmonk_ghost_happy_afterlife, uniq_menkaure
Temple:   hellmonk_temple_flake

Action                     || total
---------------------------++-------
  Melee: Hand axe          ||    16
    Use: Scroll            ||     3
         Potion            ||     1
 Armour: Leather armour    ||    15
  Dodge: Dodged            ||    18

Table legend: (Time is in decaauts)
 A = Elapsed time spent in this place.
 B = Non-inter-level travel time spent in this place.
 C = Inter-level travel time spent in this place.
 D = Time resting spent in this place.
 E = Time spent auto-exploring this place.
 F = Levels seen in this place.
 G = Mean time per level.
                   A        B        C        D        E       F      G
               +--------+--------+--------+--------+--------+-----+--------+
         Total |    324 |    308 |     16 |      0 |      0 |   3 |  108.0 |
       Dungeon |    306 |    306 |      0 |      0 |      0 |   2 |  153.0 |
        Temple |     18 |      2 |     16 |      0 |      0 |   1 |   18.0 |
               +--------+--------+--------+--------+--------+-----+--------+

Top non-repeatable levels by time:
     D:5: 269 daAuts
     D:6: 36 daAuts
  Temple: 18 daAuts
